 Dungeon Crawl Stone Soup version 0.29-a0-613-gf2c431b9b9 (webtiles) character file.

Game seed: 596391197091457154

245 Jwatts the Covered (level 5, -7/47 HPs)
             Began as a Minotaur Fighter on June 16, 2022.
             Mangled by Duvessa
             ... wielding a +0 short sword
              (8 damage)
             ... on level 5 of the Dungeon.
             The game lasted 00:38:36 (7590 turns).

Jwatts the Covered (Minotaur Fighter)               Turns: 7590, Time: 00:38:37

Health: -7/47      AC:  7    Str: 27    XL:     5   Next: 83%
Magic:  4/4        EV: 10    Int:  4    God:
Gold:   169        SH:  5    Dex: 14    Spells: 4/4 levels left

rFire   . . .      SeeInvis .   W - +0 flail
rCold   . . .      Faith    .   c - +0 buckler
rNeg    . . .      Spirit   .   b - +0 scale mail
rPois   +          Reflect  .   (helmet restricted)
rElec   .          Harm     .   (no cloak)
rCorr   .          Rampage  .   (no gloves)
Will    .....                   (no boots)
Stlth   ..........              (no amulet)
HPRegen 0.15/turn               u - ring of flight
MPRegen 0.09/turn               D - +6 ring of dexterity

@: flying
A: horns 2, retaliatory headbutt, poison resistance, strong 1
a: no special abilities


You were on level 5 of the Dungeon.
You visited 1 branch of the dungeon, and saw 5 of its levels.

You collected 169 gold pieces.

Inventory:

Hand Weapons
 a - a +0 flail
 d - a +0 falchion
 i - a +0 short sword
 j - a +4 whip {Indiana Jones Biatch!}
 k - a +0 short sword
 m - a +1 mace
 n - a +0 whip
 o - a +0 club
 r - a +0 whip
 v - a +0 rapier
 w - a +0 hunting sling
 A - a +0 short sword
 B - a +0 club
 E - a +0 short sword
 F - a +0 war axe
 G - a +0 dagger
 I - a +0 club
 K - a +0 dagger
 N - a +0 dagger
 O - a +0 club
 R - a +0 spear
 S - a +0 club
 W - a +0 flail (weapon)
 X - a +0 hand axe
 Y - a +0 hand axe
Missiles
 g - 7 poisoned darts (quivered)
 l - 106 stones
Armour
 b - a +0 scale mail (worn)
 c - a +0 buckler (worn)
 e - a +0 robe
 x - a +0 leather armour
 y - a +0 ring mail
 J - a +0 robe
 L - a +0 barding
 P - a +0 leather armour
 V - a +0 robe
 Z - a +0 leather armour
Jewellery
 f - an amulet of magic regeneration
 u - a ring of flight (left hand)
 z - a ring of resist corrosion
 D - a +6 ring of dexterity (right hand)
 M - an amulet of faith
Wands
 U - a wand of flame (14)
Scrolls
 p - 2 scrolls of teleportation
 C - 3 scrolls of identify
Potions
 t - 3 potions of brilliance
 H - a potion of mutation


   Skills:
 + Level 4.4 Fighting
 + Level 4.2 Maces & Flails
 + Level 5.3 Armour
 + Level 1.1 Dodging
 * Level 1.5 Stealth
 + Level 4.3 Shields


You had 4 spell levels left.
You didn't know any spells.
Your spell library contained the following spells:

 Spells                   Type           Power      Damage    Failure   Level
 Summon Small Mammal      Summ           0%         N/A       85%         1
 Call Canine Familiar     Summ           0%         N/A       99%         3
 Ozocubu's Armour         Ice            0%         N/A       99%         3
 Portal Projectile        Hex/Tloc       0%         N/A       99%         3
 Summon Guardian Golem    Hex/Summ       0%         N/A       99%         3
 Leda's Liquefaction      Hex/Erth       0%         N/A       100%        4
 Metabolic Englaciation   Hex/Ice        0%         N/A       100%        5
 Simulacrum               Ice/Necr       0%         N/A       100%        6


Dungeon Overview and Level Annotations

Branches:
Dungeon (5/15)
 Temple: D:4-7

Altars:

Annotations:
D:5 Dowan, Duvessa, Eustachio


Innate Abilities, Weirdness & Mutations

You have a pair of horns on your head.
You reflexively headbutt those who attack you in melee.
Your system is resistant to poisons. (rPois)
Your muscles are strong. (Str +4, Int/Dex-1)


Message History

You feel better. The hound closely misses you.
Duvessa hits you with a +0 short sword. The orc closely misses you.
You furiously retaliate!
You headbutt the orc. You block the orc's attack.
The air fills with toxic fumes!
As you read the scroll of poison, it crumbles to dust.
The hound closely misses you. Duvessa hits you with a +0 short sword.
* * * LOW HITPOINT WARNING * * *
The orc barely misses you.
Dowan casts a spell.
Dowan blinks!
The orc hits you with a +0 dagger.
* * * LOW HITPOINT WARNING * * *
The hound barely misses you. You block Duvessa's attack.
Duvessa attacks as you move away! Duvessa hits you but does no damage.
The hound barely misses you.
Dowan says, "Magic and the sword, together, will defeat you."
Dowan mumbles some strange words.
Dowan blinks!
You hit Duvessa but do no damage.
Duvessa is heavily wounded.
The hound bites you.
* * * LOW HITPOINT WARNING * * *
Duvessa hits you but does no damage. The hound closely misses you.
Duvessa hits you with a +0 short sword.
* * * LOW HITPOINT WARNING * * *
You closely miss Duvessa.
Duvessa is heavily wounded.
The hound bites you.
* * * LOW HITPOINT WARNING * * *
Duvessa misses you.
The orc is engulfed in poison gas.
The orc is poisoned.
You block the hound's attack. Duvessa hits you with a +0 short sword.
* * * LOW HITPOINT WARNING * * *
The orc is engulfed in poison gas.
The orc looks even sicker.
The orc closely misses you.
You hit Duvessa but do no damage. You headbutt Duvessa!
Duvessa is almost dead.
You kill the orc!
You block the hound's attack. Duvessa hits you with a +0 short sword.
* * * LOW HITPOINT WARNING * * *
The hound closely misses you. Duvessa hits you with a +0 short sword!
You die...

### ... §§# $...
#§# #.§§.
#§###§§§§.
#+#§§o§§§§§.
#.#@#...)... ..
#§§eh.§☼§§§.
....##.o..§§§§☼.
.....§§§####☼§§.
....###☼§)# .§.
... ###.o..# ..
##...@@ . ###.


You could see Duvessa (fast), a hound and 2 orcs.

Vanquished Creatures
  A kobold brigand (D:4)
  An orc priest (D:4)
  Jessica (D:3)
  4 adders
  2 worms
  4 dart slugs
  6 orcs
  4 bats
  6 endoplasms
  3 giant cockroaches
  4 goblins
  4 hobgoblins
  7 quokkas
  6 ball pythons
  4 frilled lizards
  4 kobolds
  3 rats
  9 bushes (D:1)
73 creatures vanquished.

Vanquished Creatures (others)
  9 plants
9 creatures vanquished.

Grand Total: 82 creatures vanquished

Notes
Turn   | Place    | Note
-------+----------+-------------------------------------------
     0 | D:1      | Jwatts the Minotaur Fighter began the quest for the Orb.
     0 | D:1      | Reached XP level 1. HP: 19/19 MP: 0/0
   285 | D:1      | Reached XP level 2. HP: 24/27 MP: 1/1
   430 | D:1      | Reached skill level 4 in Armour
  1597 | D:1      | Reached XP level 3. HP: 32/33 MP: 2/2
  4995 | D:3      | Gained mutation: Your muscles are strong. (Str +4,
                  | Int/Dex-1) [potion of mutation]
  4995 | D:3      | Gained mutation: Your system is resistant to poisons.
                  | (rPois) [potion of mutation]
  5047 | D:3      | Reached XP level 4. HP: 36/40 MP: 3/3
  5458 | D:3      | Noticed Jessica
  5465 | D:3      | Killed Jessica
  6613 | D:4      | Noticed a kobold brigand
  6625 | D:4      | Killed a kobold brigand
  6626 | D:4      | Reached skill level 5 in Armour
  6626 | D:4      | Reached skill level 1 in Dodging
  6626 | D:4      | Reached skill level 1 in Stealth
  6626 | D:4      | Reached XP level 5. HP: 25/47 MP: 4/4
  7570 | D:5      | Entered Level 5 of the Dungeon
  7570 | D:5      | Noticed Duvessa
  7570 | D:5      | Noticed Dowan
  7576 | D:5      | Noticed Eustachio
  7589 | D:5      | HP: 2/47 [Duvessa/+0 short sword (5)]
  7590 | D:5      | Mangled by Duvessa

Illustrated notes

Levels and vault maps discovered:
D:1:      sevenhm_arrival_forest_fort_large_4, layout_loops_ring
D:2:      layout_basic
D:3:      layout_basic, serial_bayou_pond_e, uniq_jessica
D:4:      layout_basic
D:5:      lemuel_ice_spiral_2, layout_rooms, kennysheep_mini, temple_green,
          small_statue_intersection, uniq_eustachio, uniq_prince_ribbit1,
          uniq_duvessa

Skill      XL: |  1  2  3  4 |
---------------+-------------+-----
Armour         | 4 5 |  5.3
Shields        | 4 |  4.3
Fighting       | 4 |  4.4
Maces & Flails | 3 4 |  4.2
Dodging        | 1 |  1.1
Stealth        | 1 |  1.5

Action                   |  1- 3 |  4- 6 || total
-------------------------+-------+-------++-------
Melee: Flail             |   410 |    13 ||   423
       Headbutt          |   151 |    13 ||   164
       Whip              |     8 |       ||     8
       Mace              |    51 |    47 ||    98
  Use: Scroll            |     7 |     1 ||     8
       Potion            |     7 |     3 ||    10
Armor: Scale mail        |    37 |    25 ||    62
Dodge: Dodged            |    56 |    32 ||    88
Block: Buckler           |    10 |    18 ||    28

Table legend: (Time is in decaauts)
 A = Elapsed time spent in this place.
 B = Non-inter-level travel time spent in this place.
 C = Inter-level travel time spent in this place.
 D = Time resting spent in this place.
 E = Time spent auto-exploring this place.
 F = Levels seen in this place.
 G = Mean time per level.
                   A        B        C        D        E       F      G
               +--------+--------+--------+--------+--------+-----+--------+
         Total |   7744 |   7739 |      5 |   2685 |     57 |   5 | 1548.8 |
       Dungeon |   7744 |   7739 |      5 |   2685 |     57 |   5 | 1548.8 |
               +--------+--------+--------+--------+--------+-----+--------+

Top non-repeatable levels by time:
     D:1: 2087 daAuts
     D:2: 2006 daAuts
     D:3: 1861 daAuts
     D:4: 1767 daAuts
     D:5: 21 daAuts
